 Dungeon Crawl Stone Soup version 0.25-a0-890-g62861fb (webtiles) character file.

Game seed: 3483154417041837352, levelgen mode: deterministic

168 BlueFish the Grasshopper (level 5, -1/35 HPs)
             Began as an Octopode Warper on May 12, 2020.
             Slain by an orc
             ... wielding a +0 whip of draining
              (7 damage)
             ... on level 3 of the Dungeon.
             The game lasted 00:06:27 (2678 turns).

BlueFish the Grasshopper (Octopode Warper)          Turns: 2678, Time: 00:06:27

Health: -1/35      AC:  1    Str: 12    XL:     5   Next: 48%
Magic:  16/17      EV: 14    Int: 15    God:
Gold:   136        SH:  0    Dex: 11    Spells: 1/8 levels left

rFire    . . .     SeeInvis .     - Unarmed
rCold    . . .     Gourm    .   (no shield)
rNeg     + . .     Faith    .   (helmet restricted)
rPois    .         Spirit   .   (no amulet)
rElec    .         Reflect  .   a - ring of positive energy
rCorr    .         Harm     .   l - ring of magical power
MR       .....                  (no ring)
Stlth    +++.......             (no ring)
HPRegen  0.11/turn              (no ring)
MPRegen  0.15/turn              (no ring)
                                (no ring)
                                (no ring)

@: lightly drained
A: almost no armour, stealthy swim, amphibious, 8 rings, constrict 8, camouflage
1, gelatinous body 1
a: no special abilities


You were on level 3 of the Dungeon.
You were not hungry.

You visited 1 branch of the dungeon, and saw 3 of its levels.

You collected 136 gold pieces.

Inventory:

Missiles
 c - 5 boomerangs of dispersal (quivered)
 k - 21 poisoned darts
Jewellery
 a - a ring of positive energy (left tentacle)
 g - a +4 amulet of reflection {unknown}
 l - a ring of magical power (right tentacle)
Scrolls
 b - a scroll of blinking
 m - a scroll of teleportation {unknown}
Potions
 h - a potion of flight {unknown}
 i - a potion of curing
 j - a potion of invisibility {unknown}
Comestibles
 d - 10 rations
 f - 4 chunks of flesh


   Skills:
 * Level 2.6(2.2) Fighting
 * Level 1.9(1.5) Throwing
 * Level 3.2(2.9) Dodging
 * Level 2.6(2.2) Stealth
 * Level 3.0(2.6) Unarmed Combat
 + Level 2.3(2.0) Spellcasting
 + Level 0.4(0.0) Charms
 * Level 3.2(2.9) Translocations


You had one spell level left.
You knew the following spells:

 Your Spells              Type           Power        Failure   Level  Hunger
a - Shroud of Golubria    Chrm/Tloc      #.....       19%         2    ###....
b - Blink                 Tloc           N/A          11%         2    ###....
c - Lesser Beckoning      Tloc           ##........   21%         3    ###....

Your spell library contained the following spells:

 Spells                   Type           Power        Failure   Level  Hunger
 Gell's Gravitas          Tloc           ##........   21%         3    ###....
 Teleport Other           Tloc           ##......     21%         3    ###....
 Passage of Golubria      Tloc           N/A          56%         4    #####..


Dungeon Overview and Level Annotations

Branches:
Dungeon (3/15)

Altars:
Sif Muna
Yredelemnul


Innate Abilities, Weirdness & Mutations

You cannot wear most types of armour.
You are very stealthy in the water. (Stealth+)
You are amphibious.
You can wear up to eight rings at the same time.
You can use your tentacles to constrict eight enemies at once.
Your skin changes colour to match your surroundings (Stealth+).
Your rubbery body absorbs attacks. (AC +1, EV +1)


Message History

The orc wizard casts a spell at you. You resist with some effort.
You tentacle-slap the orc wizard but do no damage.
The orc wizard is severely wounded.
Your shroud begins to fray at the edges.
You constrict the orc. You constrict the orc wizard.
Your shroud bends the orc's attack away.
The orc wizard hits you with a +0 dagger.
* * * LOW HITPOINT WARNING * * *
Your shroud falls apart!
You tentacle-slap the orc wizard but do no damage.
The orc wizard is almost dead.
You constrict the orc. You constrict the orc wizard.
The orc closely misses you. The orc wizard misses you.
You tentacle-slap the orc wizard.
You kill the orc wizard!
Your base Unarmed Combat skill increases to level 3!
You constrict the orc.
The orc hits you with a +0 whip of draining!
You die...

#.......[.#
#.........#
#.........#
#.........##
#....<.....##
#...........######
#####............##
#####
##..####..##..#
#..(. ##.#
##...@.### #....
#.# ####)o..##
#)#...( #.#
####.)###.##....))
#.# #..[...........
#.# ###......##?...
#.## #####.......
###..## ###....
#.....# o..###
#.###.# ..#.


You could see an orc.

Vanquished Creatures
  An orc priest (D:3)
  2 orc wizards (D:3)
  An adder (D:2)
  An ooze (D:3)
  2 worms (D:2)
  3 dart slugs (D:1)
  4 orcs (D:3)
  4 ball pythons
  9 bats
  3 giant cockroaches
  3 goblins
  8 hobgoblins
  4 jackals (D:1)
  7 kobolds
  9 rats
61 creatures vanquished.

Notes
Turn   | Place    | Note
-------+----------+-------------------------------------------
     0 | D:1      | BlueFish the Octopode Warper began the quest for the Orb.
     0 | D:1      | Reached XP level 1. HP: 14/14 MP: 3/3
   276 | D:1      | Reached XP level 2. HP: 17/19 MP: 5/5
   280 | D:1      | Learned a level 2 spell: Shroud of Golubria
   283 | D:1      | Learned a level 2 spell: Blink
   639 | D:1      | Reached skill level 1 in Stealth
   652 | D:1      | Reached XP level 3. HP: 16/24 MP: 0/6
  1520 | D:2      | Found a shimmering blue altar of Sif Muna.
  1791 | D:2      | Reached XP level 4. HP: 29/30 MP: 4/7
  1878 | D:2      | Learned a level 3 spell: Lesser Beckoning
  2466 | D:3      | Found a basalt altar of Yredelemnul.
  2638 | D:3      | Reached XP level 5. HP: 30/35 MP: 8/8
  2678 | D:3      | Slain by an orc

Levels and vault maps discovered:
D:1:      heliophobic_arrival_enchanted_forest, layout_basic
D:2:      layout_loops_ring, lemuel_doored_altar
D:3:      layout_rooms, nicolae_overflow_crystal_walls

Skill      XL: |  1  2  3  4  5 |
---------------+----------------+-----
Stealth        | 1 2 |  2.6
Dodging        | 3 |  3.2
Unarmed Combat | 3 |  3.0
Fighting       | |  2.6
Throwing       | |  1.9
Spellcasting   | |  2.3
Charms         | |  0.4
Translocations | |  3.2

Action                   |  1- 3 |  4- 6 || total
-------------------------+-------+-------++-------
Melee: Unarmed           |    91 |    77 ||   168
       Constrict         |    29 |    17 ||    46
       Tentacles         |     9 |    14 ||    23
       Punch             |     5 |     1 ||     6
 Cast: Shroud of Golubri |    14 |    17 ||    31
  Use: Scroll            |     5 |     2 ||     7
       Potion            |       |     2 ||     2
 Stab: Sleeping          |     4 |     6 ||    10
  Eat: Chunk             |     4 |     4 ||     8
Armor: Skin              |     8 |    12 ||    20
Dodge: Dodged            |    49 |    65 ||   114

Table legend:
 A = Non-vault XP
 B = Vault XP
 C = Vault XP percentage of total XP
 D = Non-vault monster count
 E = Vault monster count
 F = Vault count percentage of total count
                 A         B        C        D         E       F
            +---------+---------+-------+---------+---------+-------
      Total |     240 |       0 |   0.0 |      61 |       0 |   0.0
            +---------+---------+-------+---------+---------+-------
        D:1 |      48 |       0 |   0.0 |      24 |       0 |   0.0
        D:2 |      51 |       0 |   0.0 |      22 |       0 |   0.0
        D:3 |     141 |       0 |   0.0 |      15 |       0 |   0.0
            +---------+---------+-------+---------+---------+-------
